 Dungeon Crawl Stone Soup version 0.22-b1-21-g5cfc1688f2 (webtiles) character file.

12907 Kirk the Cleaver (level 11, -3/75 HPs)
             Began as a Demonspawn Gladiator on Aug 5, 2018.
             Was a High Priest of Okawaru.
             Slain by an eight-headed hydra (10 damage)
             ... on level 1 of the Lair of Beasts.
             The game lasted 00:20:47 (9028 turns).

Kirk the Cleaver (Demonspawn Gladiator)             Turns: 9028, Time: 00:20:53

Health: -3/75      AC: 22    Str: 17    XL:     11   Next: 68%
Magic:  20/20      EV:  8    Int: 10    God:    Okawaru [*****.]
Gold:   518        SH:  0    Dex: 11    Spells: 10/10 levels left

rFire    . . .     SeeInvis .   I - +6 whip of Cruel Justice {slash, MR+ Stlth+}
rCold    . . .     Gourm    .   (no shield)
rNeg     . . .     Faith    .   r - +3 chain mail {rPois}
rPois    +         Spirit   .   c - +1 helmet
rElec    +         Reflect  .   o - +2 cloak
rCorr    .         Harm     +   L - +0 pair of gloves
MR       +....                  (no boots)
Stlth    ..........             B - amulet of harm
HPRegen  0.22/turn              M - ring of Intercession {rElec rPois MP+9 Dex-4 Stlth+}
MPRegen  0.17/turn              t - +3 ring of slaying

@: very slightly contaminated
A: talons 2, foul stench 2, powered by death 2, rot immunity
a: Heroism, Finesse, Renounce Religion


You were on level 1 of the Lair of Beasts.
You worshipped Okawaru.
Okawaru was extremely pleased with you.
You were not hungry.

You visited 3 branches of the dungeon, and saw 12 of its levels.

You collected 518 gold pieces.

Inventory:

Hand Weapons
 a - a +0 war axe
 q - a +1 battleaxe
 w - a +0 blowgun
 I - the +6 whip of Cruel Justice (weapon) {slash, MR+ Stlth+}
   (You found it on level 5 of the Dungeon)

   It inflicts extra damage upon your enemies.
   It affects your resistance to hostile enchantments.
   It makes you more stealthy.
Missiles
 d - 3 throwing nets (quivered)
 g - 12 javelins
 v - 31 poisoned needles
Armour
 c - a +1 helmet (worn)
 o - a +2 cloak (worn)
 r - a +3 chain mail of poison resistance (worn)
 L - a +0 pair of gloves (worn)
Jewellery
 h - an uncursed ring of ice
 m - an uncursed ring of wizardry
 t - a +3 ring of slaying (right hand)
 B - an amulet of harm (around neck)
 J - an uncursed amulet of the acrobat {unknown}
 K - an uncursed amulet of magic regeneration {unknown}
 M - the ring of Intercession (left hand) {rElec rPois MP+9 Dex-4 Stlth+}
   (You took it off an orc wizard on level 9 of the Dungeon)

   [ring of magical power]

   It affects your dexterity (-4).
   It insulates you from electricity.
   It protects you from poison.
   It affects your magic capacity (+9).
   It makes you more stealthy.
 P - an uncursed ring of protection from fire
Wands
 C - a wand of polymorph (19)
 G - a wand of paralysis (2)
Scrolls
 i - 9 scrolls of remove curse
 j - 8 scrolls of teleportation
 n - a scroll of vulnerability {unknown}
 s - 2 scrolls of blinking
 A - a scroll of fog
Potions
 b - a potion of curing
 k - 4 potions of flight
 l - a potion of ambrosia
 p - a potion of berserk rage
 u - 4 potions of brilliance
 E - a potion of magic
 F - a potion of degeneration {unknown}
 H - a potion of resistance
Comestibles
 f - 24 rations
 x - 3 chunks of flesh


   Skills:
 + Level 3.3 Fighting
 + Level 12.7 Axes
 - Level 1.7 Throwing
 + Level 11.2 Armour
 - Level 2.6 Dodging
 + Level 0.5 Invocations
 - Level 1.0 Evocations


You had 10 spell levels left.
You didn't know any spells.
Your spell library contained the following spells:

 Spells                   Type           Power        Failure   Level  Hunger
 Controlled Blink         Tloc           N/A          100%        8    #######
 Summon Small Mammal      Summ           #...         98%         1    ##.....
 Summon Ice Beast         Ice/Summ       #.......     100%        4    #####..
 Call Imp                 Summ           #.......     99%         2    ###....
 Call Canine Familiar     Summ           #.......     100%        3    ####...
 Dispersal                Tloc           #.........   100%        6    #######
 Portal Projectile        Hex/Tloc       #.....       100%        3    ####...
 Disjunction              Tloc           #.........   100%        8    #######
 Force Lance              Conj/Tloc      #.......     100%        4    #####..
 Summon Lightning Spire   Summ/Air       #.......     100%        4    #####..
 Summon Guardian Golem    Hex/Summ       #.......     100%        3    ####...
 Gell's Gravitas          Tloc           #.........   100%        3    ####...


Dungeon Overview and Level Annotations

Branches:
Dungeon (10/15)            Temple (1/1) D:5            Lair (1/6) D:9
    Orc: D:9-12

Altars:
Ashenzari
Cheibriados
Dithmenos
Elyvilon
Fedhas
Gozag
Makhleb
Nemelex Xobeh
Okawaru
Qazlal
Ru
Sif Muna
Trog
Uskayaw
Vehumet
Wu Jian
Xom
Yredelemnul
Zin
The Shining One


Innate Abilities, Weirdness & Mutations

You have razor-sharp toenails.
You frequently emit foul miasma when damaged in melee.
You regenerate health from kills.
You are immune to rotting.


Message History

* * * LOW HITPOINT WARNING * * *
The wolf howls! x2
The seven-headed hydra bites you but does no damage. x3
The seven-headed hydra closely misses you.
The wolf bites you.
* * * LOW HITPOINT WARNING * * *
Blink to where?
Press: ? - help, Dir - move target cursor, p - seven-headed hydra You are very lightly contaminated with residual magic.
As you read the scroll of blinking, it crumbles to dust.
An eight-headed hydra comes into view.
The eight-headed hydra moves out of view.
The eight-headed hydra bites you but does no damage.
The eight-headed hydra looks sick.
The eight-headed hydra closely misses you.
The eight-headed hydra bites you but does no damage.
The eight-headed hydra bites you.
* * * LOW HITPOINT WARNING * * *
The eight-headed hydra bites you!
You die...

## #.......#.#...#.#
.$.###...............#
#.#.#.......<## ....#
#..#.......!..##...##
##......#...#[#..[..### #
.......†#.8.#.†.####..#.8
.§.....#....÷#...........
#.......8.8..+...8...+.
##.........@.........#
#......#.8D##...#.#.# #.
.......###.####.....##
.#. ..>.... #...# ##...##
#..>
....#.......#.#.††..##
....
....#..#.##..#.÷.†.#.#
..... ... #....
.#.#.).D.##..... ...
#...8...#......
....#.....§h.....


You could see an eight-headed hydra.

Vanquished Creatures
  Gastronok (D:9)
  Harold (D:8)
  A hydra (Lair:1)
  A two-headed ogre (D:7)
  A cyclops (D:10)
  A black mamba (Lair:1)
  A rime drake (Lair:1)
  A spiny frog (Lair:1)
  A komodo dragon (Lair:1)
  A hornet (D:8)
  A hippogriff (D:9)
  5 blink frogs (Lair:1)
  Sigmund (D:4)
  3 wyverns
  7 yaks
  A hungry ghost (D:7)
  4 water moccasins
  A hornet zombie (D:5)
  2 porcupines (D:9)
  5 orc warriors
  An ice beast (D:7)
  A black bear (D:10)
  3 ogres
  2 sky beasts
  A phantom (D:9)
  3 centaurs
  4 crocodiles
  3 big kobolds
  A gnoll sergeant (D:6)
  3 bullfrogs
  5 scorpions
  A howler monkey (D:10)
  2 bullfrog zombies
  2 crimson imps
  5 jellies
  3 bullfrog skeletons
  4 hounds
  Crazy Yiuf (D:3)
  3 orc priests
  8 orc wizards
  2 iguanas
  8 worker ants
  A killer bee zombie (D:5)
  2 howler monkey zombies
  A worker ant zombie (D:9)
  A howler monkey skeleton (D:4)
  15 adders
  16 gnolls
  5 oozes (D:10)
  2 adder zombies
  2 adder skeletons
  2 worms
  A dart slug (D:3)
  5 leopard geckos
  19 orcs
  7 giant cockroaches
  8 goblins
  10 hobgoblins
  16 jackals
  25 kobolds
  7 quokkas
  3 ball pythons
  6 bats
  7 frilled lizards
  A jackal zombie (D:6)
  2 rats
270 creatures vanquished.

Vanquished Creatures (others)
  A fungus (D:9)
  2 plants (Lair:1)
3 creatures vanquished.

Grand Total: 273 creatures vanquished

Notes
Turn   | Place    | Note
-------+----------+-------------------------------------------
     0 | D:1      | Kirk the Demonspawn Gladiator began the quest for the Orb.
     0 | D:1      | Reached XP level 1. HP: 16/16 MP: 1/1
    23 | D:1      | Reached skill level 3 in Axes
   208 | D:1      | Gained mutation: You regenerate a little health from kills. [demonic ancestry]
   208 | D:1      | Reached XP level 2. HP: 17/22 MP: 2/2
   631 | D:1      | Gained mutation: You have sharp toenails. [demonic ancestry]
   631 | D:1      | Reached XP level 3. HP: 25/27 MP: 3/3
   721 | D:2      | Reached skill level 4 in Axes
  1120 | D:2      | Gained mutation: You are immune to rotting. [demonic ancestry]
  1120 | D:2      | Reached XP level 4. HP: 33/33 MP: 4/4
  1130 | D:2      | Reached skill level 1 in Armour
  1328 | D:2      | You fall through a shaft!
  1453 | D:3      | Gained mutation: You have razor-sharp toenails. [demonic ancestry]
  1453 | D:3      | Reached XP level 5. HP: 13/38 MP: 5/5
  1825 | D:3      | Reached skill level 5 in Axes
  1913 | D:3      | Found a runed door.
  2148 | D:3      | Found a white marble altar of Elyvilon.
  2475 | D:3      | Found a faded altar of an unknown god.
  2557 | D:3      | Noticed Crazy Yiuf
  2560 | D:3      | Killed Crazy Yiuf
  2641 | D:4      | Reached XP level 6. HP: 41/44 MP: 6/6
  3016 | D:4      | Found a sacrificial altar of Ru.
  3096 | D:4      | Noticed Sigmund
  3105 | D:4      | Killed Sigmund
  3105 | D:4      | Reached skill level 6 in Axes
  3105 | D:4      | Gained mutation: You regenerate health from kills. [demonic ancestry]
  3105 | D:4      | Reached XP level 7. HP: 37/50 MP: 5/7
  3419 | D:5      | Entered Level 5 of the Dungeon
  3788 | D:5      | Reached skill level 7 in Axes
  3879 | D:5      | Found a staircase to the Ecumenical Temple.
  4023 | D:5      | Got a transparent whip
  4315 | Temple   | Entered the Ecumenical Temple
  4472 | Temple   | Became a worshipper of Warmaster Okawaru
  4851 | D:6      | Reached XP level 8. HP: 27/56 MP: 8/8
  4897 | D:6      | Reached skill level 8 in Axes
  5189 | D:6      | Found a basalt altar of Yredelemnul.
  5189 | D:6      | Found an ornate altar of the Wu Jian Council.
  5320 | D:7      | Reached * piety under Okawaru
  5378 | D:7      | Noticed a two-headed ogre
  5534 | D:7      | Reached skill level 9 in Axes
  5534 | D:7      | Reached skill level 5 in Armour
  5536 | D:7      | Identified the +6 whip of Cruel Justice {slash, MR+ Stlth+} (You found it on level 5 of the Dungeon)
  5620 | D:7      | Found a faded altar of an unknown god.
  5620 | D:7      | Found a hide-covered altar of Uskayaw.
  5627 | D:7      | Found a sacrificial altar of Ru.
  5629 | D:7      | Found a faded altar of an unknown god.
  5631 | D:7      | Found a snail-covered altar of Cheibriados.
  5680 | D:7      | Killed a two-headed ogre
  5680 | D:7      | Reached ** piety under Okawaru
  5680 | D:7      | Reached skill level 10 in Axes
  5680 | D:7      | Gained mutation: You may emit foul miasma when damaged in melee. [demonic ancestry]
  5680 | D:7      | Reached XP level 9. HP: 61/61 MP: 9/9
  5864 | D:8      | Reached *** piety under Okawaru
  5936 | D:8      | Reached skill level 1 in Evocations
  6001 | D:8      | Noticed Harold
  6025 | D:8      | Killed Harold
  6025 | D:8      | Reached skill level 11 in Axes
  6025 | D:8      | Reached XP level 10. HP: 13/67 MP: 10/10
  6484 | D:9      | Found a shadowy altar of Dithmenos.
  6487 | D:9      | Found a blossoming altar of Fedhas.
  6496 | D:9      | Found a shimmering altar of Xom.
  6496 | D:9      | Noticed Gastronok
  6516 | D:9      | Killed Gastronok
  6516 | D:9      | Reached **** piety under Okawaru
  6529 | D:9      | Found a deep blue altar of Sif Muna.
  6543 | D:9      | Reached skill level 12 in Axes
  6864 | D:9      | Reached ***** piety under Okawaru
  7037 | D:9      | Got a bound tin ring
  7189 | D:9      | Found a staircase to the Lair.
  7193 | D:9      | Gained mutation: You frequently emit foul miasma when damaged in melee. [demonic ancestry]
  7193 | D:9      | Reached XP level 11. HP: 72/72 MP: 11/11
  7403 | D:9      | Identified the ring of Intercession {rElec rPois MP+9 Dex-4 Stlth+} (You took it off an orc wizard on level 9 of the Dungeon)
  7602 | D:10     | Entered Level 10 of the Dungeon
  8526 | Lair:1   | Entered Level 1 of the Lair of Beasts
  8539 | Lair:1   | Reached skill level 10 in Armour
  8545 | Lair:1   | Received a gift from Okawaru
  9010 | Lair:1   | Noticed an eight-headed hydra
  9015 | Lair:1   | Noticed a seven-headed hydra
  9019 | Lair:1   | Killed an eight-headed hydra
  9025 | Lair:1   | Noticed an eight-headed hydra
  9028 | Lair:1   | Slain by an eight-headed hydra

Skill      XL: |  1  2  3  4  5  6  7  8  9 10 11 |
---------------+----------------------------------+-----
Axes           | 3 4 5 6 7 10 11 12 | 12.7
Armour         | 2 3 4 6 7 9 11 | 11.2
Evocations     | 1 |  1.0
Fighting       | 3 |  3.3
Throwing       | |  1.7
Dodging        | |  2.6
Invocations    | |  0.5

Action                   |  1- 3 |  4- 6 |  7- 9 | 10-12 || total
-------------------------+-------+-------+-------+-------++-------
Melee: War axe           |   136 |   196 |   207 |       ||   539
       Kick              |     6 |       |       |    53 ||    59
       Whip              |       |       |    76 |   347 ||   423
Throw: Throwing net      |       |     2 |       |       ||     2
Invok: Heroism           |       |       |       |     2 ||     2
Evoke: Wand              |       |       |    11 |     8 ||    19
  Use: Scroll            |     4 |     2 |     1 |    13 ||    20
       Potion            |     1 |     3 |     3 |     3 ||    10
 Stab: Paralysed         |       |       |       |     3 ||     3
  Eat: Chunk             |     1 |     7 |     5 |     7 ||    20
       Ration            |       |       |     2 |     1 ||     3
Armor: Leather armour    |     4 |       |       |       ||     4
       Ring mail         |    58 |    70 |       |       ||   128
       Chain mail        |       |    36 |   208 |   166 ||   410
Dodge: Dodged            |    92 |   144 |   121 |   100 ||   457
